 Dungeon Crawl Stone Soup version 0.19-a0-36-g4a0968a (webtiles) character file.

4434 namelastname112 the Destroyer (level 10, -2/69 HPs)
             Began as a Red Draconian Conjurer on May 3, 2016.
             Was an Initiate of Ashenzari.
             Slain by a wolf (5 damage)
             ... on level 7 of the Dungeon.
             The game lasted 00:12:37 (7743 turns).

namelastname112 the Destroyer (DrCj)                Turns: 7743, Time: 00:12:38

Health: -2/69      AC: 10    Str: 10    XL:     10   Next: 14%
Magic:  6/31       EV: 12    Int: 19    God:    Ashenzari [......]
Gold:   456        SH:  0    Dex: 14    Spells: 3 memorised, 17 levels left

rFire  + . .     SeeInvis .     j - +2 dagger (venom)
rCold  . . .     Gourm    .     (armour unavailable)
rNeg   . . .     Faith    .     (no shield)
rPois  .         Spirit   .     (helmet restricted)
rElec  .         Dismiss  .     c - +0 cloak
rCorr  .         Reflect  .     n - +0 pair of gloves
SustAt .         Harm     .     G - +0 pair of boots
MR     +....     Rnd*Rage +     J - amulet of inaccuracy (curse)
Stlth  ++........               l - ring of protection from magic
                                m - ring of magical power

@: about to teleport, somewhat resistant to hostile enchantments, unstealthy
A: breathe fire, unfitting armour, agile 1, berserk 1, deterioration 2, fire
resistance 1, cold-blooded, MP-powered wands, AC +7
a: Breathe Fire, Curse Item, Renounce Religion


You were on level 7 of the Dungeon.
You worshipped Ashenzari.
Ashenzari was noncommittal.
You were not hungry.

You visited 2 branches of the dungeon, and saw 8 of its levels.

You collected 456 gold pieces.

Inventory:

Hand Weapons
 j - a +2 dagger of venom (weapon)
Armour
 c - a +0 cloak (worn)
 n - a +0 pair of gloves (worn)
 G - a +0 pair of boots (worn)
Jewellery
 l - a ring of protection from magic (right hand)
 m - a ring of magical power (left hand)
 J - a cursed amulet of inaccuracy (around neck)
Wands
 v - a wand of digging (1/24)
Scrolls
 e - 3 scrolls of teleportation
 f - 4 scrolls of fog {unknown}
 h - a scroll of magic mapping {unknown}
 p - 2 scrolls of recharging {unknown}
 r - a scroll of noise {unknown}
 s - 4 scrolls of identify
 u - 6 scrolls of enchant weapon {unknown}
 w - 2 scrolls of blinking {unknown}
 y - a scroll of amnesia {unknown}
 C - a scroll of random uselessness {unknown}
 H - a scroll of immolation {unknown}
Potions
 d - a potion of resistance
 k - a potion of cancellation
 o - a potion of ambrosia {unknown}
 t - 3 potions of might {unknown}
 x - 2 potions of lignification {unknown}
 z - 3 potions of curing {unknown}
 A - 4 potions of degeneration {unknown}
 B - 2 potions of flight {unknown}
 D - a potion of agility {unknown}
 E - 2 potions of heal wounds
 F - 2 potions of cure mutation {unknown}
Books
 a - a book of Conjurations

   Spells                             Type                      Level
   a - Magic Dart                     Conjuration                  1
   b - Searing Ray                    Conjuration                  2
   c - Dazzling Spray                 Conjuration/Hexes            3
   d - Fulminant Prism                Conjuration/Hexes            4
   e - Iskenderun's Mystic Blast      Conjuration                  4
   f - Iskenderun's Battlesphere      Conjuration/Charms           5
 I - a book of Envenomations

   Spells                             Type                      Level
   a - Spider Form                    Transmutation/Poison         3
   b - Olgreb's Toxic Radiance        Poison                       4
   c - Alistair's Intoxication        Transmutation/Poison         5
   d - Poisonous Cloud                Conjuration/Poison/Air       6
Comestibles
 b - 6 bread rations
 g - 5 beef jerkies
 i - 4 meat rations
 q - 8 slices of pizza
 K - a chunk of flesh


   Skills:
 - Level 1.7 Dodging
 - Level 1.7 Stealth
 + Level 8.2 Spellcasting
 + Level 9.7 Conjurations
 + Level 7.3 Charms


You had 17 spell levels left.
You knew the following spells:

 Your Spells              Type           Power        Failure   Level  Hunger
a - Iskenderun's Battles  Conj/Chrm      #####...     10%         5    #####..
x - Searing Ray           Conj           #####.       1%          2    None
z - Magic Dart            Conj           ####         1%          1    None


Dungeon Overview and Level Annotations

Branches:
Dungeon (7/15)             Temple (1/1) D:7

Altars:
Ashenzari
Cheibriados
Dithmenos
Fedhas
Kikubaaqudgha
Makhleb
Nemelex Xobeh
Okawaru
Pakellas
Qazlal
Ru
Trog
Xom
Yredelemnul


Innate Abilities, Weirdness & Mutations

You can breathe blasts of fire.
Your fiery red scales are hard (AC +7).
Your body does not fit into most forms of armour.
Your flesh is heat resistant.
You are cold-blooded and may be slowed by cold attacks.
You are agile. (Dex +2)
You tend to lose your temper in combat.
Your body often deteriorates upon taking damage.
You expend magic power (3 MP) to strengthen your wands.


Message History

The griffon bites you but does no damage.
The griffon pecks you. The griffon claws you. The wolf barely misses you.
You take 8 damage, and have 21/69 hp.
You now have 8/31 mp.
The searing ray hits the wolf.
The wolf is severely wounded.
The wolf closely misses you.
The griffon bites you but does no damage.
The griffon pecks you but does no damage.
The griffon claws you!
* * * LOW HITPOINT WARNING * * *
You take 9 damage, and have 12/69 hp.
You now have 7/31 mp.
The searing ray misses the wolf.
The searing ray hits the hippogriff.
The hippogriff is lightly wounded.
You have got your breath back.
The wolf completely misses you. The griffon bites you.
* * * LOW HITPOINT WARNING * * *
The griffon pecks you.
* * * LOW HITPOINT WARNING * * *
The griffon barely misses you. The wolf bites you.
You die...

##......<.........#
####...###<###.#.###.#
...#...# #.# #.#.# #.#
...#...###.###.#.# #.#
...'...#.......#.# #.#
.hH'H..#.#.#####.###.#
.YYYh..#.#.# #.....#
.HHh.h.#.#.########..#
.hh#.H.#...>.HHh@HH..#
..h#.H.###.#######H..#
####...#Y..Y.hHY.....#
##...h#########..##
###### #..# #######..#
#........# #.####.###
## #.# #.#


You could see 3 griffons, 2 hippogriffs and a wolf.

Vanquished Creatures
  A griffon (D:7)
  2 polar bears (D:7)
  3 wraiths (D:7)
  A human (D:7)
  A hog (D:7)
  A hippogriff (D:7)
  2 sky beasts
  An orc warrior (D:7)
  6 ogres
  2 necrophages (D:7)
  A centaur (D:5)
  A wolf (D:7)
  An elf zombie (D:7)
  4 giant frogs
  An oklob sapling (D:7)
  3 wights (D:6)
  A howler monkey (D:6)
  3 crimson imps
  3 human zombies (D:7)
  4 hounds
  3 orc priests
  2 centaur skeletons
  A giant frog zombie (D:7)
  6 orc wizards
  An iguana (D:7)
  A human skeleton (D:7)
  5 worker ants
  3 sheep (D:7)
  2 mummies (D:7)
  A hound skeleton (D:4)
  A howler monkey zombie (D:7)
  3 adders
  A howler monkey skeleton (D:5)
  7 gnolls
  2 shadow imps
  7 oozes
  A worm (D:6)
  2 giant geckos
  20 orcs
  4 giant cockroaches
  6 goblins
  9 hobgoblins
  19 jackals
  4 quokkas
  2 ball pythons
  12 bats
  3 giant gecko zombies
  6 giant newts
  6 kobolds
  A quokka skeleton (D:7)
  8 rats
  A plant (D:7)
192 creatures vanquished.

Notes
Turn   | Place    | Note
--------------------------------------------------------------
     0 | D:1      | namelastname112 the Draconian Conjurer began the quest for the Orb.
     0 | D:1      | Reached XP level 1. HP: 14/14 MP: 3/3
    52 | D:1      | xeno23: пачка ебучих шакалов на входе
    52 | D:1      | xeno23: ммммм
   398 | D:2      | Found an oddly glowing altar of Pakellas.
   412 | D:2      | Reached XP level 2. HP: 20/20 MP: 0/5
   466 | D:2      | Learned a level 2 spell: Searing Ray
   466 | D:2      | namelastname112: классно, да?
   471 | D:1      | xeno23: а то
   810 | D:1      | Reached XP level 3. HP: 26/26 MP: 0/6
  1536 | D:2      | Reached XP level 4. HP: 33/33 MP: 8/8
  1697 | D:2      | Reached skill level 5 in Conjurations
  2025 | D:2      | Reached XP level 5. HP: 33/38 MP: 10/10
  2095 | D:2      | Learned a level 5 spell: Iskenderun's Battlesphere
  2396 | D:2      | Found a stormy altar of Qazlal.
  2458 | D:3      | Found a blossoming altar of Fedhas.
  2459 | D:3      | Found an ancient bone altar of Kikubaaqudgha.
  2588 | D:3      | Reached skill level 1 in Charms
  2782 | D:3      | Found an oddly glowing altar of Pakellas.
  3199 | D:4      | Reached XP level 6. HP: 34/45 MP: 12/12
  3267 | D:4      | Reached skill level 6 in Conjurations
  3460 | D:4      | crauler: сколько народу то
  3464 | D:4      | crauler: я уж подумал турнир начался
  3469 | D:4      | Your scales start taking on a fiery red colour.
  3469 | D:4      | Reached XP level 7. HP: 29/50 MP: 4/13
  3469 | D:4      | Gained mutation: Your flesh is heat resistant. [Red Draconian growth]
  3782 | D:4      | namelastname112: бля
  3782 | D:4      | namelastname112: опять фаершторм учить
  3830 | D:4      | Reached skill level 5 in Spellcasting
  4109 | D:5      | Entered Level 5 of the Dungeon
  4442 | D:5      | Reached skill level 7 in Conjurations
  4452 | D:5      | Reached XP level 8. HP: 41/57 MP: 7/16
  4704 | D:5      | Found a burning altar of Makhleb.
  4769 | D:5      | Found a bloodstained altar of Trog.
  5131 | D:6      | Found a sacrificial altar of Ru.
  5482 | D:6      | Reached skill level 5 in Charms
  6050 | D:7      | Reached skill level 8 in Conjurations
  6337 | D:7      | Reached XP level 9. HP: 62/62 MP: 19/19
  6368 | D:7      | Gained mutation: You expend magic power (3 MP) to strengthen your wands. [mutagenic meat]
  6369 | D:7      | Gained mutation: You tend to lose your temper in combat. [mutagenic meat]
  6370 | D:7      | Gained mutation: You are agile. (Dex +2) [mutagenic meat]
  6371 | D:7      | Gained mutation: Your body sometimes deteriorates upon taking damage. [mutagenic meat]
  6372 | D:7      | Gained mutation: Your body often deteriorates upon taking damage. [mutagenic meat]
  6752 | D:7      | Found a staircase to the Ecumenical Temple.
  6801 | Temple   | Entered the Ecumenical Temple
  6816 | Temple   | Became a worshipper of Ashenzari the Shackled
  7111 | D:7      | Reached skill level 9 in Conjurations
  7426 | D:7      | Found a basalt altar of Yredelemnul.
  7682 | D:7      | Found a huge runed gate.
  7682 | D:7      | Noticed a griffon
  7682 | D:7      | Noticed a death yak
  7683 | D:7      | Noticed a polar bear
  7683 | D:7      | Found a huge runed gate.
  7683 | D:7      | Found a huge runed gate.
  7683 | D:7      | Found a huge runed gate.
  7683 | D:7      | Noticed a griffon
  7683 | D:7      | Noticed a polar bear
  7683 | D:7      | Noticed a griffon
  7683 | D:7      | Noticed a polar bear
  7684 | D:7      | Noticed a griffon
  7717 | D:7      | Killed a polar bear
  7721 | D:7      | Reached XP level 10. HP: 49/69 MP: 21/22
  7726 | D:7      | Killed a griffon
  7743 | D:7      | HP: 3/69 [griffon (6)]
  7743 | D:7      | Slain by a wolf

Vault maps used:
D:1:      eino_arrival_tree_alley, hangedman_decor_clover_reticule
D:2:      lemuel_crystal_altar, grunt_qazlal_clouds, kennysheep_generic_room_14
D:3:      grunt_temple_overflow_growth_and_decay, johnstein_pakellas_dig
D:5:      basic_altar, first_bread, bloody_trog
D:6:      minmay_misc_feat_tower, nicolae_ru_awakened_eye
D:7:      lemuel_bear_cage, lemuel_mausoleum_altar_yredelemnul,
          minmay_temple_entry_oklob, grunt_livestock, minmay_misc_feat_columns,
          minmay_bad_closet
Temple:   zaba_magenta_temple_12

Skill      XL: |  1  2  3  4  5  6  7  8  9 |
---------------+----------------------------+-----
Spellcasting   | 3 4 5 6 8 |  8.2
Conjurations   | 5 6 7 8 9 |  9.7
Charms         | 1 2 3 5 7 |  7.3
Dodging        | |  1.7
Stealth        | |  1.7

Action                   |  1- 3 |  4- 6 |  7- 9 | 10-12 || total
-------------------------+-------+-------+-------+-------++-------
Melee: Unarmed           |    37 |       |       |       ||    37
       Tailslap          |     8 |       |     5 |       ||    13
       Dagger            |     2 |       |    22 |       ||    24
 Cast: Magic Dart        |    72 |   110 |   204 |       ||   386
       Searing Ray       |     1 |     5 |    49 |     4 ||    59
       Iskenderun's Batt |       |       |     1 |       ||     1
 Abil: Breathe Fire      |       |       |     5 |       ||     5
  Use: Scroll            |     3 |     1 |       |     1 ||     5
       Potion            |       |     1 |       |       ||     1
  Eat: Chunk             |     2 |     6 |    15 |       ||    23
       Meat ration       |       |       |     1 |       ||     1
       Royal jelly       |       |       |     1 |       ||     1
Armor: Skin              |    19 |     9 |    55 |    13 ||    96
Dodge: Dodged            |    55 |    23 |    91 |    19 ||   188
